 Dungeon Crawl Stone Soup version 0.20.1-1-g8b1a95d (webtiles) character file.

142 Peloso the Shield-Bearer (level 5, -2/46 HPs)
             Began as a Draconian Fighter on Aug 22, 2017.
             Slain by Gelerth's ghost (4 damage)
             ... on level 3 of the Dungeon.
             The game lasted 00:03:48 (1782 turns).

Peloso the Shield-Bearer (Draconian Fighter)        Turns: 1782, Time: 00:03:49

Health: -2/46      AC:  7    Str: 24    XL:     5   Next: 3%
Magic:  5/5        EV: 11    Int:  9    God:
Gold:   76         SH: 14    Dex: 13    Spells: 4/4 levels left

rFire    . . .     SeeInvis .   a - +0 long sword
rCold    . . .     Gourm    .   b - +0 shield
rNeg     . . .     Faith    .   (armour unavailable)
rPois    .         Spirit   .   (helmet restricted)
rElec    .         Reflect  +   h - +1 cloak {+Inv}
rCorr    .         Harm     .   (no gloves)
MR       .....                  (no boots)
Stlth    +.........             n - +4 amulet of reflection
Regen    0.2/turn               q - +3 ring of dexterity
MPRegen  0.1/turn               (no ring)

@: mighty
A: unfitting armour, cold-blooded, AC +5
a: Evoke Invisibility


You were on level 3 of the Dungeon.
You were not hungry.

You visited 1 branch of the dungeon, and saw 3 of its levels.

You collected 76 gold pieces.

Inventory:

Hand Weapons
 a - a +0 long sword (weapon)
 s - a +2 trident of protection
 u - a cursed -1 dagger
Armour
 b - a +0 shield (worn)
 h - a +1 cloak of invisibility (worn)
Jewellery
 n - a +4 amulet of reflection (around neck)
 q - a +3 ring of dexterity (left hand)
Scrolls
 f - 4 scrolls of identify {unknown}
 i - 5 scrolls of teleportation {unknown}
 j - a scroll of fear {unknown}
 l - a scroll of amnesia {unknown}
 r - 2 scrolls of remove curse {unknown}
Potions
 c - a potion of might
 e - a potion of invisibility {unknown}
 g - a potion of haste {unknown}
 k - 2 potions of heal wounds {unknown}
 p - a potion of ambrosia {unknown}
Comestibles
 d - a bread ration
 m - a meat ration
 o - 2 royal jellies
 t - a chunk of flesh


   Skills:
 + Level 3.9 Fighting
 + Level 3.2 Long Blades
 + Level 3.1 Dodging
 + Level 0.4 Stealth
 + Level 4.2 Shields


You had 4 spell levels left.
You didn't know any spells.

Dungeon Overview and Level Annotations

Branches:
Dungeon (3/15)

Altars:
Fedhas
Makhleb

Annotations:
D:3 Gelerth's ghost, amateur HOGl


Innate Abilities, Weirdness & Mutations

Your plain brown scales are hard. (AC +5)
You cannot fit into any form of body armour.
You are cold-blooded and may be slowed by cold attacks.


Message History

Unknown command.
You hit Gelerth's ghost.
Gelerth's ghost is severely damaged.
Gelerth's ghost hits you.
You barely miss Gelerth's ghost.
Gelerth's ghost is severely damaged.
Gelerth's ghost barely misses you.
Gelerth's ghost wails.
You block Gelerth's ghost's attack.
You barely miss Gelerth's ghost.
Gelerth's ghost is severely damaged.
Gelerth's ghost hits you!
You hit Gelerth's ghost.
Gelerth's ghost is almost destroyed.
Gelerth's ghost hits you!
* * * LOW HITPOINT WARNING * * *
You barely miss Gelerth's ghost.
Gelerth's ghost is almost destroyed.
Gelerth's ghost hits you.
You die...

#................ ...
#................ ..
#$............... #.
#................
#.##................
#####............<......
#...........$...........
#..........?.[....(.....
#.....W@................
......).$...............
......#.................
......#.................
..... #.#.#.#...#.......
###.#...#.#.#...#.......
#.###.#.......# ## #
..#.......#


You could see Gelerth's ghost.

Vanquished Creatures
  A hound (D:2)
  Terence (D:2)
  Robin (D:2)
  2 adders
  A worm (D:2)
  A dart slug (D:1)
  A leopard gecko (D:2)
  5 bats
  3 giant cockroaches
  6 hobgoblins
  A quokka (D:3)
  A ball python (D:1)
  4 frilled lizards
  10 goblins
  10 kobolds
  3 rats
51 creatures vanquished.

Notes
Turn   | Place    | Note
-------+----------+-------------------------------------------
     0 | D:1      | Peloso the Draconian Fighter began the quest for the Orb.
     0 | D:1      | Reached XP level 1. HP: 19/19 MP: 1/1
   192 | D:1      | Reached XP level 2. HP: 19/26 MP: 2/2
   779 | D:1      | Reached XP level 3. HP: 29/33 MP: 3/3
   838 | D:2      | Noticed Terence
   851 | D:2      | Killed Terence
   894 | D:2      | Reached XP level 4. HP: 29/40 MP: 4/4
   950 | D:2      | Noticed Robin
   955 | D:2      | Killed Robin
  1145 | D:2      | Found a blossoming altar of Fedhas.
  1280 | D:2      | Found a burning altar of Makhleb.
  1622 | D:2      | Reached skill level 4 in Shields
  1623 | D:2      | Reached XP level 5. HP: 45/46 MP: 5/5
  1768 | D:3      | Noticed Gelerth's ghost (amateur HOGl)
  1781 | D:3      | HP: 1/46 [Gelerth's ghost (15)]
  1782 | D:3      | Slain by Gelerth's ghost

Skill      XL: |  1  2  3  4 |
---------------+-------------+-----
Dodging        | 3 |  3.1
Long Blades    | 3 |  3.2
Shields        | 4 |  4.2
Fighting       | |  3.9
Stealth        | |  0.4

Action                   |  1- 3 |  4- 6 || total
-------------------------+-------+-------++-------
Melee: Long sword        |    81 |    62 ||   143
       Tailslap          |    13 |     6 ||    19
  Use: Potion            |       |     1 ||     1
 Stab: Sleeping          |       |     3 ||     3
  Eat: Chunk             |       |     3 ||     3
Armor: Skin              |    26 |    23 ||    49
Dodge: Dodged            |    38 |    24 ||    62
Block: Shield            |    48 |    50 ||    98
       Reflection        |     3 |     1 ||     4
       Rpst.: Long sword |    12 |     8 ||    20
